[Event "106th British-ch 2019"]
[Site "Torquay"]
[Date "2019.08.02"]
[Round "7.20"]
[White "Hand, Freddie"]
[Black "Player, Edmund C"]
[Result "1-0"]
[ECO "D20"]
[WhiteElo "2142"]
[BlackElo "2202"]
[Annotator "NA"]
[PlyCount "71"]
[EventDate "2019.07.27"]
[EventType "swiss"]
[EventCountry "GBR"]
[SourceTitle "playchess.com"]
[Source "ChessBase"]
[SourceQuality "1"]
[TimeControl "40/5400+30:1800+30"]

1. d4 d5 2. c4 dxc4 3. e4 Nf6 4. e5 Nd5 5. Bxc4 Nb6 6. Bd3 Nc6 7. Be3 g6 8. Nc3 Nb4 9. Be4 N4d5 10. Nf3 c6 11. O-O Bg7 12. Qc1 h6 13. Nxd5 Nxd5 14. Ne1 Be6 15. Nd3 Nxe3 16. Qxe3 Bc4 17. Rfc1 Bxd3 18. Qxd3 O-O 19. Rc4 e6 20. f4 Qb6 21. Qc3 Rad8 22. Rd1 Rd7 23. Rd3 Rfd8 24. Kh1 Bf8 25. g4 Qa6 26. f5 c5 27. fxg6 Rxd4 28. gxf7+ Kg7 29. b3 Qxa2 30. Rcxd4 cxd4 31. Qe1 Be7 32. Qf1 Qb2 33. Rf3 Kf8 34. Rf6 Rc8 35. Rg6 Bf6 36. Rg8+ 1-0

[Event "106th British-ch 2019"]
[Site "Torquay"]
[Date "2019.08.02"]
[Round "7.21"]
[White "Jones, Steven A"]
[Black "Ledger, Dave J"]
[Result "1/2-1/2"]
[ECO "C88"]
[WhiteElo "2117"]
[BlackElo "2168"]
[Annotator "NA"]
[PlyCount "109"]
[EventDate "2019.07.27"]
[EventType "swiss"]
[EventCountry "GBR"]
[SourceTitle "playchess.com"]
[Source "ChessBase"]
[SourceQuality "1"]
[TimeControl "40/5400+30:1800+30"]

1. e4 e5 2. Nf3 Nc6 3. Bb5 a6 4. Ba4 Nf6 5. O-O Be7 6. Re1 b5 7. Bb3 O-O 8. a4 b4 9. d3 d6 10. a5 h6 11. Nbd2 Re8 12. Nc4 Bf8 13. Bd2 Rb8 14. h3 Bd7 15. Ne3 g6 16. Qc1 Kg7 17. Nd5 Ng8 18. Ra4 Be6 19. Bc4 Bxd5 20. Bxd5 Qd7 21. Bxc6 Qxc6 22. Rxb4 f5 23. Rxb8 Rxb8 24. exf5 gxf5 25. Bc3 Kh7 26. Qd1 Bg7 27. Nh4 Rf8 28. Qh5 Ne7 29. f4 e4 30. Bxg7 Kxg7 31. dxe4 fxe4 32. Qg4+ Kh7 33. Qe6 Qc5+ 34. Kh1 d5 35. c3 Rxf4 36. b4 Qf2 37. Qxe7+ Rf7 38. Rxe4 Rxe7 39. Rxe7+ Kg8 40. Nf3 Qf1+ 41. Kh2 Qc4 42. Re6 Qxc3 43. Rxh6 Qxb4 44. Rxa6 d4 45. Ra8+ Kg7 46. a6 Qd6+ 47. Kh1 c5 48. Rc8 Qb6 49. Ne5 Qxa6 50. Rxc5 Qf1+ 51. Kh2 Qf4+ 52. Kh1 Qf1+ 53. Kh2 Qf4+ 54. Kg1 Qe3+ 55. Kh2 1/2-1/2

[Event "106th British-ch 2019"]
[Site "Torquay"]
[Date "2019.08.02"]
[Round "7.22"]
[White "Rocco, Federico"]
[Black "Yoon, Jacob D"]
[Result "1-0"]
[ECO "B54"]
[WhiteElo "2157"]
[BlackElo "1963"]
[Annotator "NA"]
[PlyCount "128"]
[EventDate "2019.07.27"]
[EventType "swiss"]
[EventCountry "GBR"]
[SourceTitle "playchess.com"]
[Source "ChessBase"]
[SourceQuality "1"]
[TimeControl "40/5400+30:1800+30"]

1. e4 c5 2. Nf3 a6 3. c4 e6 4. Nc3 Nc6 5. d4 cxd4 6. Nxd4 Qc7 7. Be3 Nf6 8. Be2 d6 9. Rc1 Be7 10. O-O O-O 11. f3 b6 12. Nd5 exd5 13. cxd5 b5 14. Nxc6 Qd7 15. Bb6 Ne8 16. Nxe7+ Qxe7 17. Bd4 f5 18. Bd3 fxe4 19. Bxe4 Bf5 20. Qd3 Qg5 21. Bc3 h6 22. Rfe1 Bxe4 23. fxe4 Nf6 24. Bb4 Rad8 25. e5 Ng4 26. Qg3 Nxe5 27. Qxg5 hxg5 28. Bxd6 Nf3+ 29. gxf3 Rxd6 30. Re5 Rxf3 31. Rxg5 Rd3 32. Rc7 R6xd5 33. Rcxg7+ Kf8 34. Rxd5 Rxd5 35. Rg2 Rd3 36. h4 Rh3 37. Rg4 Rd3 38. Kh2 Kf7 39. Kg1 Rd2 40. Rg2 Rd1+ 41. Kf2 Rh1 42. Kg3 Kg6 43. Kg4 Kh6 44. Kf5 Kh5 45. Ke5 Rxh4 46. Kd5 Rc4 47. b3 Rc1 48. Kd4 Rc6 49. Kd3 Kh6 50. Kd4 Rc1 51. Re2 a5 52. Re6+ Kg5 53. Re5+ Kf6 54. Rxb5 Ke6 55. Rxa5 Kd6 56. Ra6+ Kc7 57. b4 Kb7 58. Ra5 Rc8 59. a4 Rc1 60. Rg5 Ra1 61. a5 Ka6 62. Rg6+ Kb5 63. Rb6+ Ka4 64. a6 Kb3 1-0

[Event "106th British-ch 2019"]
[Site "Torquay"]
[Date "2019.08.02"]
[Round "7.23"]
[White "Jaufarally, Nadia"]
[Black "Starley, Robert"]
[Result "0-1"]
[ECO "B78"]
[WhiteElo "1944"]
[BlackElo "2058"]
[Annotator "NA"]
[PlyCount "120"]
[EventDate "2019.07.27"]
[EventType "swiss"]
[EventCountry "GBR"]
[SourceTitle "playchess.com"]
[Source "ChessBase"]
[SourceQuality "1"]
[TimeControl "40/5400+30:1800+30"]

1. e4 c5 2. Nf3 Nc6 3. d4 cxd4 4. Nxd4 d6 5. Nc3 Nf6 6. f3 g6 7. Be3 Bg7 8. Bc4 O-O 9. Bb3 Bd7 10. Qd2 Na5 11. O-O-O Nxb3+ 12. cxb3 a6 13. Kb1 Re8 14. h4 Qa5 15. h5 Nxh5 16. g4 Nf6 17. Bh6 Bh8 18. Nf5 Bxf5 19. gxf5 Rac8 20. Qh2 Nh5 21. Nd5 e6 22. Qxh5 exd5 23. fxg6 hxg6 24. Rhg1 Re6 25. Qh3 Rce8 26. Rxd5 Qb6 27. Rh1 Bf6 28. Bg5 Bg7 29. Qh7+ Kf8 30. Bh6 Bxh6 31. Qxh6+ Ke7 32. Qg5+ Kd7 33. Rh7 R8e7 34. Qf4 Qg1+ 35. Kc2 Qf2+ 36. Rd2 Qc5+ 37. Kd1 g5 38. Qg3 Qe3 39. Rg7 Re5 40. Qh3+ Kc7 41. Qf1 Rc5 42. b4 Rc6 43. Qg2 Rc4 44. Qg3 Rd4 45. Qg2 Rxd2+ 46. Qxd2 Qxf3+ 47. Kc1 Qh1+ 48. Qd1 Qxe4 49. Rxg5 Qf4+ 50. Qd2 Re1+ 51. Kc2 Qe4+ 52. Kb3 Re3+ 53. Ka4 Qc6+ 54. b5 axb5+ 55. Rxb5 Re5 56. Qd3 f5 57. Kb4 Rxb5+ 58. Qxb5 Qxb5+ 59. Kxb5 f4 60. Kc4 d5+ 0-1

[Event "106th British-ch 2019"]
[Site "Torquay"]
[Date "2019.08.02"]
[Round "7.25"]
[White "Wall, Tim P"]
[Black "Kahn, Tito"]
[Result "1-0"]
[ECO "B40"]
[WhiteElo "2246"]
[BlackElo "1921"]
[Annotator "NA"]
[PlyCount "59"]
[EventDate "2019.07.27"]
[EventType "swiss"]
[EventCountry "GBR"]
[SourceTitle "playchess.com"]
[Source "ChessBase"]
[SourceQuality "1"]
[TimeControl "40/5400+30:1800+30"]

1. e4 c5 2. Nf3 e6 3. b3 a6 4. Bb2 Nc6 5. Bd3 d6 6. O-O Nf6 7. Re1 Be7 8. Bf1 O-O 9. d4 cxd4 10. Nxd4 Nxd4 11. Qxd4 e5 12. Qd2 Be6 13. c4 Nh5 14. g3 f5 15. exf5 Rxf5 16. Bh3 Qd7 17. Bxf5 Bxf5 18. Nc3 h6 19. Rad1 Rd8 20. Nd5 Bg5 21. Qe2 Qf7 22. Bc1 Nf6 23. Bxg5 hxg5 24. f3 Be6 25. Qd2 Nh5 26. Qxg5 Rf8 27. Rf1 Bh3 28. Rf2 e4 29. g4 e3 30. Qxe3 1-0

[Event "106th British-ch 2019"]
[Site "Torquay"]
[Date "2019.08.02"]
[Round "7.26"]
[White "Donaldson, Thomas"]
[Black "Villiers, Thomas"]
[Result "0-1"]
[ECO "A40"]
[WhiteElo "2065"]
[BlackElo "2218"]
[Annotator "NA"]
[PlyCount "64"]
[EventDate "2019.07.27"]
[EventType "swiss"]
[EventCountry "GBR"]
[SourceTitle "playchess.com"]
[Source "ChessBase"]
[SourceQuality "1"]
[TimeControl "40/5400+30:1800+30"]

1. d4 e6 2. c4 b6 3. e4 Bb7 4. Nc3 Bb4 5. Bd3 f5 6. f3 fxe4 7. fxe4 Bxc3+ 8. bxc3 Nf6 9. d5 e5 10. Nf3 d6 11. O-O Bc8 12. Nh4 O-O 13. Nf5 Bxf5 14. exf5 Nbd7 15. g4 e4 16. Bc2 Nc5 17. g5 Nfd7 18. Be3 Qe7 19. Qh5 Rae8 20. Rf4 Qe5 21. Raf1 Qxc3 22. Bxc5 bxc5 23. Rh4 Qe3+ 24. Kh1 h6 25. f6 Re5 26. f7+ Kh8 27. Rg1 Qf3+ 28. Qxf3 exf3 29. gxh6 g5 30. Re4 Rxf7 31. Rf1 Rxe4 32. Bxe4 Ne5 0-1

[Event "106th British-ch 2019"]
[Site "Torquay"]
[Date "2019.08.03"]
[Round "8.3"]
[White "Gordon, Stephen J"]
[Black "Tan, Justin Hy"]
[Result "1-0"]
[ECO "D45"]
[WhiteElo "2516"]
[BlackElo "2513"]
[Annotator "ChessBase"]
[PlyCount "73"]
[EventDate "2019.07.27"]
[EventType "swiss"]
[EventCountry "GBR"]
[SourceTitle "playchess.com"]
[Source "ChessBase"]
[SourceQuality "1"]
[TimeControl "40/5400+30:1800+30"]

1. c4 c6 2. Nf3 d5 3. e3 Nf6 4. Nc3 e6 5. b3 Bd6 6. Bb2 O-O 7. Qc2 Qe7 8. d4 Nbd7 9. Be2 b6 10. O-O Bb7 11. Rfe1 Rac8 12. e4 dxe4 13. Nxe4 Nxe4 14. Qxe4 Nf6 15. Qh4 Bb4 16. Red1 Ba3 17. Bc3 c5 18. Ne5 Rfd8 19. Bh5 Rf8 20. Bf3 Bxf3 21. Nxf3 cxd4 22. Bxd4 Rfd8 23. Rd3 Bb2 24. Rad1 Bxd4 25. Rxd4 h6 26. h3 Kf8 27. Ne5 Qc7 28. b4 Ke8 29. Qg3 Rxd4 30. Rxd4 a5 31. b5 Qc5 32. Nc6 Kf8 33. Qd6+ Qxd6 34. Rxd6 g5 35. f3 Kg7 36. c5 Nd5 37. Rxd5 1-0

[Event "106th British-ch 2019"]
[Site "Torquay"]
[Date "2019.08.03"]
[Round "8.4"]
[White "Fernandez, Daniel Howard"]
[Black "Palliser, Richard Jd"]
[Result "0-1"]
[ECO "A02"]
[WhiteElo "2466"]
[BlackElo "2399"]
[Annotator "ChessBase"]
[PlyCount "86"]
[EventDate "2019.07.27"]
[EventType "swiss"]
[EventCountry "GBR"]
[SourceTitle "playchess.com"]
[Source "ChessBase"]
[SourceQuality "1"]
[TimeControl "40/5400+30:1800+30"]

1. f4 d6 2. b3 e5 3. fxe5 dxe5 4. g3 h5 5. Bb2 h4 6. Bg2 hxg3 7. hxg3 Rxh1 8. Bxh1 Qg5 9. Kf2 Nf6 10. Nc3 e4 11. e3 Ng4+ 12. Ke1 Qh5 13. Bxe4 Qh2 14. Qf3 Qxg1+ 15. Ke2 Qh2+ 16. Qg2 Qxg2+ 17. Bxg2 c6 18. Bh3 Na6 19. Ne4 Bf5 20. Nf2 Nh6 21. Bxf5 Nxf5 22. g4 Nd6 23. Rh1 f6 24. g5 fxg5 25. Ng4 Nc5 26. c4 Nf5 27. Rh8 O-O-O 28. d4 Ne4 29. Kf3 Nd2+ 30. Ke2 Ne4 31. Kf3 Nf6 32. Nxf6 gxf6 33. e4 Nh4+ 34. Kg4 Be7 35. Rh7 Re8 36. e5 fxe5 37. dxe5 Bd8 38. Rh6 Rf8 39. Bc1 Nf3 40. e6 Ne5+ 41. Kg3 Rf6 42. Bxg5 Rf3+ 43. Kh4 Rf4+ 0-1

[Event "106th British-ch 2019"]
[Site "Torquay"]
[Date "2019.08.03"]
[Round "8.5"]
[White "Eggleston, David J"]
[Black "Emms, John M"]
[Result "0-1"]
[ECO "B36"]
[WhiteElo "2399"]
[BlackElo "2481"]
[Annotator "ChessBase"]
[PlyCount "160"]
[EventDate "2019.07.27"]
[EventType "swiss"]
[EventCountry "GBR"]
[SourceTitle "playchess.com"]
[Source "ChessBase"]
[SourceQuality "1"]
[TimeControl "40/5400+30:1800+30"]

1. e4 c5 2. Nf3 Nc6 3. d4 cxd4 4. Nxd4 g6 5. c4 Nf6 6. Nc3 d6 7. Be2 Nxd4 8. Qxd4 Bg7 9. Be3 O-O 10. Qd2 a5 11. O-O a4 12. Rac1 Qa5 13. f4 Bd7 14. h3 Bc6 15. Bf3 Nd7 16. Kh1 Rfd8 17. Rfd1 Nc5 18. Bd4 e5 19. Be3 exf4 20. Bxf4 Ne6 21. Be3 Qb4 22. Qe2 a3 23. bxa3 Qxa3 24. Rc2 Be5 25. Nb5 Bxb5 26. cxb5 Rdc8 27. Rdc1 Rxc2 28. Rxc2 Nd4 29. Bxd4 Bxd4 30. Qd1 Be5 31. Qd2 Kg7 32. Qf2 Qd3 33. Qe2 Qd4 34. Qd1 Qb4 35. Qf1 Ra3 36. Qe2 Qd4 37. Rd2 Qc3 38. Rc2 Qa1+ 39. Qd1 Rxa2 40. Rxa2 Qxa2 41. Be2 Qa3 42. Bd3 h5 43. Qf3 Qc1+ 44. Qf1 Qe3 45. Qf3 Qe1+ 46. Bf1 h4 47. Qd3 b6 48. Qf3 Kg8 49. Qd3 Kh7 50. Qf3 Kg7 51. Qd3 Kh6 52. Qf3 f6 53. Qd3 Kg5 54. Kg1 Bf4 55. Qf3 Be3+ 56. Kh1 Qg3 57. Bd3 Qe1+ 58. Qf1 Qxf1+ 59. Bxf1 Kf4 60. Bd3 Kg3 61. Bc2 f5 62. exf5 gxf5 63. Be4 f4 64. Bc6 Bc5 65. Bb7 Kf2 66. Kh2 Ke2 67. Bc6 Kd3 68. Kh1 Kc4 69. Kh2 d5 70. Kh1 Be3 71. g4 fxg3 72. Kg2 d4 73. Kf1 d3 74. Ke1 Kd4 75. Kd1 Bg5 76. Ke1 Ke3 77. Bb7 d2+ 78. Kd1 Kf2 79. Ba8 g2 80. Bxg2 Kxg2 0-1

[Event "106th British-ch 2019"]
[Site "Torquay"]
[Date "2019.08.03"]
[Round "8.6"]
[White "Derakhshani, Borna"]
[Black "Williams, Simon K"]
[Result "1/2-1/2"]
[ECO "A01"]
[WhiteElo "2300"]
[BlackElo "2468"]
[Annotator "ChessBase"]
[PlyCount "69"]
[EventDate "2019.07.27"]
[EventType "swiss"]
[EventCountry "GBR"]
[SourceTitle "playchess.com"]
[Source "ChessBase"]
[SourceQuality "1"]
[TimeControl "40/5400+30:1800+30"]

1. b3 e5 2. Bb2 Nc6 3. e3 d6 4. c4 g6 5. Nf3 Bg7 6. d4 Bf5 7. Nbd2 exd4 8. Nxd4 Nxd4 9. Bxd4 Bxd4 10. exd4 Qf6 11. Nf3 g5 12. Bd3 Ne7 13. O-O O-O-O 14. d5 Bg4 15. Re1 Rde8 16. Rc1 Bxf3 17. Qxf3 Qxf3 18. gxf3 Ng6 19. Bxg6 hxg6 20. Re3 Kd7 21. Rce1 Rxe3 22. fxe3 a5 23. Kg2 Ke7 24. Kg3 f5 25. h3 Kf6 26. e4 f4+ 27. Kg2 Ke5 28. Rd1 Ra8 29. a4 Ra6 30. Rd3 Rb6 31. Kf2 Rb4 32. Ke2 c5 33. Rc3 Rb6 34. Rd3 Ra6 35. Kf2 1/2-1/2

[Event "106th British-ch 2019"]
[Site "Torquay"]
[Date "2019.08.03"]
[Round "8.7"]
[White "Arkell, Keith C"]
[Black "Wadsworth, Matthew J"]
[Result "1-0"]
[ECO "A22"]
[WhiteElo "2461"]
[BlackElo "2418"]
[Annotator "ChessBase"]
[PlyCount "83"]
[EventDate "2019.07.27"]
[EventType "swiss"]
[EventCountry "GBR"]
[SourceTitle "playchess.com"]
[Source "ChessBase"]
[SourceQuality "1"]
[TimeControl "40/5400+30:1800+30"]

1. c4 e5 2. Nc3 Bb4 3. g3 Bxc3 4. bxc3 Nc6 5. Bg2 Nf6 6. e4 d6 7. d3 O-O 8. Ne2 a6 9. a4 Be6 10. O-O Qc8 11. f4 exf4 12. Nxf4 Ne5 13. h3 Ng6 14. Kh2 Rb8 15. a5 Re8 16. Be3 Ne5 17. Ba7 Ra8 18. Bd4 Nfd7 19. Qd2 Nc5 20. Qe3 Ncd7 21. Qd2 Nc5 22. Rab1 Bd7 23. Rf2 Ne6 24. Nh5 f6 25. Be3 Rf8 26. Nf4 c6 27. Qd1 Ng5 28. Bd4 Rf7 29. Rfb2 Be6 30. Qf1 Re7 31. h4 Ng4+ 32. Kh1 Nf7 33. Nxe6 Qxe6 34. Rxb7 Rxb7 35. Rxb7 c5 36. Bg1 Nfe5 37. Qf5 Qxf5 38. exf5 Nxd3 39. Bd5+ Kh8 40. Rb6 Re8 41. Rxa6 h5 42. Ra8 1-0

[Event "106th British-ch 2019"]
[Site "Torquay"]
[Date "2019.08.03"]
[Round "8.8"]
[White "Houska, Jovanka"]
[Black "Rudd, Jack"]
[Result "1-0"]
[ECO "A46"]
[WhiteElo "2422"]
[BlackElo "2275"]
[Annotator "NA"]
[PlyCount "87"]
[EventDate "2019.07.27"]
[EventType "swiss"]
[EventCountry "GBR"]
[SourceTitle "playchess.com"]
[Source "ChessBase"]
[SourceQuality "1"]
[TimeControl "40/5400+30:1800+30"]

1. d4 Nf6 2. Nf3 e6 3. Bf4 c5 4. e3 Qb6 5. Qc1 Nh5 6. Bg3 Nxg3 7. hxg3 cxd4 8. exd4 Nc6 9. c3 g6 10. Nbd2 Bg7 11. Bd3 Qc7 12. Qc2 b6 13. O-O-O Bb7 14. Kb1 O-O-O 15. Ng5 d6 16. Nxh7 e5 17. d5 Nb8 18. c4 Qe7 19. g4 Na6 20. g5 Nb4 21. Qb3 Nxd3 22. Qxd3 Kb8 23. Ne4 Bc8 24. f3 Bf5 25. g4 Bxe4 26. fxe4 Rc8 27. b3 Rc7 28. Rdf1 Rhc8 29. Rh3 Qd7 30. Rhf3 Rh8 31. Nf6 Bxf6 32. Rxf6 Qxg4 33. Rxd6 Qxg5 34. Rdf6 Rh2 35. R6f2 Rxf2 36. Rxf2 f6 37. Kb2 Rh7 38. d6 Rd7 39. Qd5 Qh4 40. Rd2 Qf4 41. b4 f5 42. c5 bxc5 43. bxc5 Rb7+ 44. Kc2 1-0

[Event "106th British-ch 2019"]
[Site "Torquay"]
[Date "2019.08.03"]
[Round "8.9"]
[White "Storey, Charles H"]
[Black "Lane, Gary W"]
[Result "1-0"]
[ECO "A26"]
[WhiteElo "2261"]
[BlackElo "2364"]
[Annotator "ChessBase"]
[PlyCount "133"]
[EventDate "2019.07.27"]
[EventType "swiss"]
[EventCountry "GBR"]
[SourceTitle "playchess.com"]
[Source "ChessBase"]
[SourceQuality "1"]
[TimeControl "40/5400+30:1800+30"]

1. c4 e5 2. g3 Nc6 3. Bg2 g6 4. e4 Bg7 5. Ne2 d6 6. Nbc3 f5 7. d3 Nf6 8. Bg5 h6 9. Bxf6 Bxf6 10. exf5 gxf5 11. Nd5 Bg7 12. Qb3 O-O 13. f4 Rb8 14. O-O Be6 15. Rae1 Qd7 16. fxe5 dxe5 17. Kh1 b5 18. Qc2 bxc4 19. dxc4 e4 20. b3 Bxd5 21. cxd5 Nb4 22. Qc4 Qxd5 23. Qxc7 Rb7 24. Qc4 Qxc4 25. bxc4 Rc7 26. Nf4 Rxc4 27. Ng6 Rf7 28. Rxf5 Nd3 29. Ref1 Rfc7 30. Nf4 Rc1 31. Nxd3 exd3 32. Rd5 Rxf1+ 33. Bxf1 Rc1 34. Kg1 Bf8 35. Rxd3 Bc5+ 36. Kg2 Rc2+ 37. Kh3 Rxa2 38. Rd7 Rf2 39. Bc4+ Kf8 40. Rd5 Bb6 41. Rh5 Kg7 42. Kg4 Rd2 43. Bd5 a5 44. h4 a4 45. Rf5 Rf2 46. Re5 Bd8 47. Re8 Rf8 48. Re4 a3 49. Re3 h5+ 50. Kh3 Rf5 51. Ba2 Ra5 52. Rd3 Be7 53. Re3 Bf6 54. Rd3 Be7 55. Rf3 Bf6 56. Kg2 Ra7 57. Rd3 Be7 58. Rf3 Bd6 59. Rd3 Be7 60. Kh3 Rb7 61. Re3 Bf8 62. Re5 Rb2 63. Bc4 Rb4 64. Rg5+ Kh6 65. Bf7 Bd6 66. Rg6+ Kh7 67. Rxd6 1-0

[Event "106th British-ch 2019"]
[Site "Torquay"]
[Date "2019.08.03"]
[Round "8.10"]
[White "Willow, Jonah B"]
[Black "Pein, Malcolm"]
[Result "1/2-1/2"]
[ECO "B09"]
[WhiteElo "2343"]
[BlackElo "2312"]
[Annotator "ChessBase"]
[PlyCount "151"]
[EventDate "2019.07.27"]
[EventType "swiss"]
[EventCountry "GBR"]
[SourceTitle "playchess.com"]
[Source "ChessBase"]
[SourceQuality "1"]
[TimeControl "40/5400+30:1800+30"]

1. e4 d6 2. d4 Nf6 3. Nc3 g6 4. f4 Bg7 5. Nf3 O-O 6. Bd3 Nc6 7. e5 dxe5 8. dxe5 Nd5 9. O-O Nxc3 10. bxc3 Qd5 11. Be3 b6 12. c4 Qa5 13. Ng5 Bb7 14. Qg4 Nb4 15. Qh3 h6 16. Nf3 Nxd3 17. cxd3 Qc3 18. Rad1 Rad8 19. Ne1 e6 20. Rc1 Qa3 21. Rc2 Rd7 22. Re2 h5 23. Bf2 Rfd8 24. Rd2 Ba6 25. Bh4 Re8 26. Rdf2 Qc3 27. Rf3 Bb7 28. Rg3 a6 29. Bg5 b5 30. cxb5 axb5 31. Qh4 Ra8 32. Bf6 Rxa2 33. Bxg7 Kxg7 34. Qxh5 Qd4+ 35. Kh1 Rf2 36. Rg1 Qxf4 37. Rg4 Qh6 38. Qxh6+ Kxh6 39. Rb4 Rd5 40. d4 Bc6 41. Nf3 Rd7 42. Rc1 Bxf3 43. gxf3 Rxf3 44. Rxb5 Rxd4 45. Kg2 Ra3 46. Rb2 Rd7 47. Rc5 Rad3 48. Rbc2 Rd2+ 49. Rxd2 Rxd2+ 50. Kg3 Rd7 51. Kf4 Kg7 52. Rc6 Kf8 53. Kg5 Kg7 54. Kf4 Rd4+ 55. Kf3 Rd2 56. Kg3 Rd5 57. Kf4 Rd2 58. Kg3 Re2 59. Rc5 Kf8 60. h3 Re3+ 61. Kg4 Ke8 62. h4 Kd7 63. Kg5 Rf3 64. Kh6 Kc8 65. Kg7 Kb7 66. Rc1 Rf5 67. Kf8 Rxe5 68. Kxf7 Re4 69. Rh1 Rg4 70. Kxe6 Rf4 71. Ke5 Rf5+ 72. Kd4 Rh5 73. Kd3 Kc8 74. Rg1 Rd5+ 75. Kc4 Rd6 76. Rg5 1/2-1/2

[Event "106th British-ch 2019"]
[Site "Torquay"]
[Date "2019.08.03"]
[Round "8.11"]
[White "Moore, Graham J"]
[Black "Ward, Chris G"]
[Result "0-1"]
[ECO "B76"]
[WhiteElo "2264"]
[BlackElo "2418"]
[Annotator "NA"]
[PlyCount "102"]
[EventDate "2019.07.27"]
[EventType "swiss"]
[EventCountry "GBR"]
[SourceTitle "playchess.com"]
[Source "ChessBase"]
[SourceQuality "1"]
[TimeControl "40/5400+30:1800+30"]

1. e4 c5 2. Nf3 d6 3. d4 cxd4 4. Nxd4 Nf6 5. Nc3 g6 6. Be3 Bg7 7. f3 Nc6 8. Qd2 O-O 9. O-O-O Nxd4 10. Bxd4 Be6 11. Kb1 Qc7 12. h4 Rfc8 13. h5 Qa5 14. a3 Nxh5 15. Bxg7 Kxg7 16. g4 Rxc3 17. gxh5 Rc5 18. Qd4+ f6 19. hxg6 hxg6 20. Bd3 Rh5 21. Rhg1 Qc5 22. Qa4 Rg5 23. Rh1 b5 24. Qa6 Qb6 25. Qxb6 axb6 26. f4 Rg4 27. f5 Bc4 28. fxg6 Kxg6 29. Rh2 Rg3 30. Rf2 Rc8 31. Rh2 Kf7 32. Rh5 Ke6 33. Rh7 Rg2 34. Rh5 Rc5 35. Rxc5 dxc5 36. Bxc4+ bxc4 37. Rd8 Rg1+ 38. Ka2 Re1 39. Rb8 Rxe4 40. Rxb6+ Kd5 41. a4 c3 42. b3 Re2 43. a5 Rxc2+ 44. Ka1 Rc1+ 45. Ka2 c2 46. Kb2 Ra1 47. Kxc2 Rxa5 48. Rb7 e5 49. Kc3 f5 50. Kd3 Ra6 51. Rf7 f4 {[%emt 0:00:00] Kd4+} 0-1

[Event "106th British-ch 2019"]
[Site "Torquay"]
[Date "2019.08.03"]
[Round "8.12"]
[White "Pigott, John C"]
[Black "Toma, Katarzyna"]
[Result "0-1"]
[ECO "D76"]
[WhiteElo "2384"]
[BlackElo "2229"]
[Annotator "NA"]
[PlyCount "66"]
[EventDate "2019.07.27"]
[EventType "swiss"]
[EventCountry "GBR"]
[SourceTitle "playchess.com"]
[Source "ChessBase"]
[SourceQuality "1"]
[TimeControl "40/5400+30:1800+30"]

1. d4 Nf6 2. c4 g6 3. g3 Bg7 4. Bg2 d5 5. cxd5 Nxd5 6. Nf3 Nb6 7. Nc3 O-O 8. O-O Nc6 9. e3 Re8 10. h3 e5 11. d5 Nb4 12. e4 c6 13. Qb3 Na6 14. Bg5 Qd6 15. Rfd1 cxd5 16. exd5 Bf5 17. g4 Nc5 18. Qa3 Bd7 19. Be3 Rec8 20. Rac1 Qf8 21. b3 f5 22. Nb5 Bxb5 23. Bxc5 Qe8 24. Bxb6 axb6 25. Qd6 e4 26. Rxc8 Rxc8 27. Ng5 e3 28. fxe3 Qxe3+ 29. Kh1 Re8 30. Ne6 Be5 31. Qb4 Qg3 32. Kg1 Be2 33. Rc1 Qe3+ 0-1

[Event "106th British-ch 2019"]
[Site "Torquay"]
[Date "2019.08.03"]
[Round "8.13"]
[White "Stoyanov, Viktor"]
[Black "Bates, Richard A"]
[Result "1/2-1/2"]
[ECO "E62"]
[WhiteElo "2198"]
[BlackElo "2352"]
[Annotator "NA"]
[PlyCount "98"]
[EventDate "2019.07.27"]
[EventType "swiss"]
[EventCountry "GBR"]
[SourceTitle "playchess.com"]
[Source "ChessBase"]
[SourceQuality "1"]
[TimeControl "40/5400+30:1800+30"]

1. c4 g6 2. d4 Nf6 3. g3 Bg7 4. Bg2 O-O 5. Nc3 d6 6. Nf3 Nc6 7. O-O Bg4 8. d5 Na5 9. Nd2 c5 10. Qc2 Rb8 11. h3 Bd7 12. b3 a6 13. Bb2 b5 14. Rab1 Qc7 15. e4 e5 16. Nd1 Nh5 17. Ne3 f5 18. exf5 gxf5 19. Qd1 Be8 20. Bf3 Qf7 21. Kh2 e4 22. Bxh5 Qxh5 23. Qxh5 Bxh5 24. Bxg7 Kxg7 25. g4 fxg4 26. hxg4 Bg6 27. Kg3 Nb7 28. Rfe1 Nd8 29. Nf5+ Bxf5 30. gxf5 Rxf5 31. Nxe4 Nf7 32. f4 Rg8 33. Kf3 bxc4 34. Rg1+ Kf8 35. Rxg8+ Kxg8 36. bxc4 Ne5+ 37. Kg3 Nxc4 38. Rc1 Ne3 39. Nxd6 Rxd5 40. Ne4 Nf5+ 41. Kg4 h5+ 42. Kf3 Rd3+ 43. Kf2 Ra3 44. Rxc5 Rxa2+ 45. Kg1 Nd4 46. Rg5+ Kf8 47. Rxh5 Ra4 48. Kf2 Ne6 49. Re5 Kf7 1/2-1/2

[Event "106th British-ch 2019"]
[Site "Torquay"]
[Date "2019.08.03"]
[Round "8.14"]
[White "Crickmore, Neil Eg"]
[Black "Ashton, Adam G"]
[Result "0-1"]
[ECO "E04"]
[WhiteElo "2187"]
[BlackElo "2323"]
[Annotator "NA"]
[PlyCount "61"]
[EventDate "2019.07.27"]
[EventType "swiss"]
[EventCountry "GBR"]
[SourceTitle "playchess.com"]
[Source "ChessBase"]
[SourceQuality "1"]
[TimeControl "40/5400+30:1800+30"]

1. d4 d5 2. c4 e6 3. Nf3 Nf6 4. g3 dxc4 5. Bg2 a6 6. O-O Nc6 7. Nc3 Rb8 8. e4 Be7 9. d5 Nb4 10. Ne5 exd5 11. exd5 Bf5 12. Qf3 Bd3 13. Nxd3 Nxd3 14. b3 Nxc1 15. Raxc1 cxb3 16. axb3 O-O 17. Ne2 Bd6 18. Nd4 g6 19. Rfe1 Kg7 20. Qc3 Qd7 21. f4 Rfe8 22. Nf3 Rxe1+ 23. Rxe1 Re8 24. Rxe8 Qxe8 25. Ne5 Qb5 26. Nd3 Qb6+ 27. Kh1 Qe3 28. Bf1 h5 29. Qb2 h4 30. Qe2 Qd4 31. Bg2 0-1

[Event "106th British-ch 2019"]
[Site "Torquay"]
[Date "2019.08.03"]
[Round "8.15"]
[White "Ogunshola, Olugbemiga (Ben)"]
[Black "Bradbury, Neil H"]
[Result "0-1"]
[ECO "A29"]
[WhiteElo "2172"]
[BlackElo "2322"]
[Annotator "ChessBase"]
[PlyCount "168"]
[EventDate "2019.07.27"]
[EventType "swiss"]
[EventCountry "GBR"]
[SourceTitle "playchess.com"]
[Source "ChessBase"]
[SourceQuality "1"]
[TimeControl "40/5400+30:1800+30"]

1. c4 e5 2. Nf3 Nc6 3. Nc3 Nf6 4. g3 Bb4 5. Bg2 O-O 6. O-O e4 7. Ng5 Bxc3 8. bxc3 Re8 9. d3 exd3 10. exd3 d6 11. Rb1 Ne5 12. Ne4 Bg4 13. f3 Nxe4 14. dxe4 Be6 15. Rxb7 Bxc4 16. Rf2 Qc8 17. Rb1 Qa6 18. Be3 Rab8 19. Bf1 Bxf1 20. Qxf1 Qxf1+ 21. Rfxf1 c5 22. Kf2 f6 23. Bf4 Nc4 24. Rb3 Rb6 25. Ke2 Ra6 26. Kd3 Ra4 27. Rb7 g5 28. Bc1 Ne5+ 29. Kc2 Rxa2+ 30. Kb1 Ra6 31. Kc2 Ra2+ 32. Kb1 Ra6 33. Kc2 Ng6 34. h4 gxh4 35. gxh4 Re7 36. Rb8+ Kf7 37. h5 Ne5 38. Bf4 Rb6 39. Bxe5 fxe5 40. Ra8 Kg7 41. Rg1+ Kf6 42. h6 Rbb7 43. Kd3 Rf7 44. Re8 Rbe7 45. Reg8 Ke6 46. Ke3 a5 47. Ra1 Ra7 48. Re8+ Rfe7 49. Rg8 a4 50. Kd3 Rf7 51. Ke3 a3 52. Rg2 Ra4 53. Rga2 Rfa7 54. Kd3 Rf7 55. Ke3 Rf6 56. Rxa3 Rxa3 57. Rxa3 Rxh6 58. Ra8 Rf6 59. Rh8 Rf7 60. Ra8 Rd7 61. Rf8 Rf7 62. Ra8 Rb7 63. Rh8 Kf6 64. Rd8 Rb6 65. f4 exf4+ 66. Kxf4 Ke6 67. Re8+ Kf6 68. Rf8+ Kg7 69. Rd8 h5 70. Kg5 Kf7 71. Kxh5 Ke7 72. Ra8 Rb3 73. Kg5 Ke6 74. Kf4 Rxc3 75. Rh8 Rd3 76. Rh6+ Kd7 77. e5 d5 78. Rh7+ Kc6 79. Rh6+ Kb5 80. Rd6 d4 81. Ke4 Re3+ 82. Kd5 d3 83. Rd8 d2 84. Ke6 Re2 0-1